[ AOE2 MATCH · #460002907 ]
UnrankedTurks vs Muisca
[ REPLAY ANALYSIS · EXTRACTED FROM THE RECORDED GAME ]
Feudal
12:11
Castle
15:41
Imperial
31:08
| APM avg | 74.3 |
| APM peak | 162 |
| eAPM avg | 42.9 |
| Villagers / military | 148 / 582 |
Focus
⚔️ 68.5% · 🌾 31.5%
Scout Cavalry ×221 · Camel Scout ×157 · Hand Cannoneer ×148 · Bombard Cannon ×31 · Militia ×20 · Monk ×4
Feudal
11:24
Castle
14:54
Imperial
29:21
| APM avg | 56.3 |
| APM peak | 142 |
| eAPM avg | 29.6 |
| Villagers / military | 186 / 344 |
Focus
⚔️ 50.1% · 🌾 49.9%
Archer ×334 · Unknown (1942) ×44 · Petard ×7 · Monk ×3
Feudal
18:04
Castle
21:34
Imperial
57:03
| APM avg | 26.4 |
| APM peak | 75 |
| eAPM avg | 17.5 |
| Villagers / military | 148 / 7 |
Focus
⚔️ 18.5% · 🌾 81.5%
Monk ×4 · Mangonel ×3
Feudal
15:09
Castle
20:53
Imperial
53:12
| APM avg | 38.6 |
| APM peak | 83 |
| eAPM avg | 25.3 |
| Villagers / military | 297 / 146 |
Focus
⚔️ 23.2% · 🌾 76.8%
Archer ×101 · Trade Cart ×68 · Longbowman ×40 · Skirmisher ×5
Feudal
15:02
Castle
19:37
Imperial
34:43
| APM avg | 35.7 |
| APM peak | 62 |
| eAPM avg | 25.6 |
| Villagers / military | 181 / 514 |
Focus
⚔️ 42.4% · 🌾 57.6%
Spearman ×260 · Knight ×221 · Scout Cavalry ×19 · Monk ×5 · Trebuchet (Packed) ×5 · Leitis ×4
Feudal
8:05
Castle
16:38
Imperial
28:28
| APM avg | 55.2 |
| APM peak | 111 |
| eAPM avg | 27.3 |
| Villagers / military | 235 / 231 |
Focus
⚔️ 46.1% · 🌾 53.9%
Mangudai ×162 · Mangonel ×61 · Trebuchet (Packed) ×8
Feudal
16:12
Castle
19:37
Imperial
42:59
| APM avg | 35.9 |
| APM peak | 75 |
| eAPM avg | 19.9 |
| Villagers / military | 128 / 59 |
Focus
⚔️ 34.4% · 🌾 65.6%
Unknown (2579) ×150 · Unknown (2550) ×60 · Spearman ×39 · Trebuchet (Packed) ×11 · Petard ×7 · Trade Cart ×5
Feudal
11:46
Castle
15:21
Imperial
34:28
| APM avg | 68.4 |
| APM peak | 199 |
| eAPM avg | 45.0 |
| Villagers / military | 173 / 637 |
Focus
⚔️ 49.7% · 🌾 50.3%
Spearman ×312 · Scout Cavalry ×147 · Knight ×123 · Bombard Cannon ×28 · Conquistador ×25 · Trade Cart ×19
Match map
Initial resources + every placement click. Lines = walls · curves = elevation contours. ◆ gold · ⬟ stone · ● berries · ✦ relic · ◌ wall gap
Your base· Open — opponent sealed themselves in
铁马金戈 No.1's base· Open — opponent sealed themselves in
DemonSheep's base· ✓ Closed at 21:34 · 39t walls · 2 gate(s)
Moneimon's base· ✓ Closed at 20:53 · 60t walls · no gate
GKT_Cloud's base· ✓ Closed at 19:37 · 10t walls · 1 gate(s)
04py's base· ✓ Closed at 16:38 · 0t walls · no gate
Vermilionz's base· Open — opponent sealed themselves in
LemonShip's base· ✓ Closed at 15:21 · 0t walls · no gate
Smoothed initial terrain · ◌ = detected wall gap · hover for details
Inputs per minute
— B站帝国时代2骑士老爷 - - 铁马金戈 No.1
Build order — B站帝国时代2骑士老爷
First 150 of 555 actions detected
| 0:00 | Queue | Villager (Male) ×4 |
| 0:02 | Build | House |
| 0:04 | Build | House |
| 0:07 | Build | House |
| 0:10 | Build | House |
| 1:23 | Queue | Villager (Male) |
| 1:44 | Build | Lumber Camp |
| 1:51 | Queue | Villager (Male) |
| 1:52 | Queue | Villager (Male) |
| 2:29 | Queue | Villager (Male) |
| 2:29 | Queue | Villager (Male) |
| 3:04 | Queue | Villager (Male) |
| 3:18 | Build | House |
| 3:37 | Queue | Villager (Male) |
| 3:53 | Queue | Villager (Male) |
| 3:53 | Queue | Villager (Male) |
| 4:06 | Queue | Villager (Male) |
| 4:15 | Build | House |
| 4:47 | Queue | Villager (Male) |
| 5:05 | Queue | Villager (Male) |
| 5:39 | Queue | Villager (Male) |
| 5:54 | Queue | Villager (Male) |
| 6:04 | Build | Barracks |
| 6:29 | Queue | Villager (Male) |
| 7:00 | Queue | Villager (Male) |
| 7:17 | Queue | Villager (Male) |
| 7:28 | Build | Mill |
| 7:29 | Queue | Villager (Male) |
| 7:36 | Build | House |
| 8:15 | Queue | Villager (Male) |
| 8:39 | Queue | Villager (Male) |
| 9:03 | Queue | Villager (Male) |
| 9:03 | Queue | Villager (Male) |
| 9:41 | Research | Feudal Age |
| 9:50 | Build | Mining Camp |
| 10:44 | Build | Lumber Camp |
| 11:31 | Build | House |
| 11:54 | Queue | Villager (Male) |
| 11:55 | Queue | Villager (Male) |
| 12:11 | Age | Feudal Age |
| 12:12 | Research | Double-Bit Axe |
| 12:14 | Build | Stable |
| 12:16 | Build | Blacksmith |
| 12:49 | Research | Horse Collar |
| 12:57 | Research | Castle Age |
| 13:03 | Queue | Scout Cavalry |
| 13:27 | Queue | Scout Cavalry |
| 13:28 | Queue | Scout Cavalry |
| 13:38 | Build | House |
| 14:10 | Queue | Scout Cavalry |
| 14:38 | Build | Farm |
| 14:42 | Build | Farm |
| 14:46 | Build | Farm |
| 14:50 | Build | Farm |
| 14:53 | Build | Farm |
| 15:25 | Queue | Villager (Male) |
| 15:41 | Age | Castle Age |
| 15:51 | Build | Monastery |
| 15:56 | Build | Town Center |
| 15:59 | Queue | Villager (Male) |
| 16:12 | Build | Town Center |
| 16:14 | Queue | Villager (Male) |
| 16:31 | Queue | Villager (Male) |
| 16:37 | Build | House |
| 17:02 | Build | Farm |
| 17:02 | Build | Farm |
| 17:02 | Build | Farm |
| 17:02 | Build | Farm |
| 17:03 | Build | Farm |
| 17:04 | Queue | Villager (Male) |
| 17:05 | Queue | Villager (Male) |
| 17:05 | Queue | Villager (Male) |
| 17:08 | Research | Bow Saw |
| 17:09 | Queue | Monk |
| 17:15 | Build | House |
| 17:16 | Build | House |
| 17:17 | Build | House |
| 17:23 | Queue | Villager (Male) |
| 17:43 | Queue | Villager (Male) |
| 17:43 | Queue | Villager (Male) |
| 17:44 | Queue | Villager (Male) |
| 17:45 | Build | Farm |
| 17:50 | Build | Farm |
| 17:53 | Queue | Villager (Male) |
| 17:56 | Research | Heavy Plow |
| 18:05 | Build | House |
| 18:06 | Build | House |
| 18:23 | Queue | Villager (Male) |
| 18:51 | Queue | Villager (Male) |
| 18:51 | Queue | Villager (Male) |
| 18:53 | Queue | Villager (Male) |
| 18:57 | Queue | Monk |
| 18:58 | Queue | Monk |
| 19:00 | Build | Farm |
| 19:02 | Build | Farm |
| 19:06 | Build | Farm |
| 19:07 | Build | Farm |
| 19:08 | Build | Farm |
| 19:08 | Build | Farm |
| 19:08 | Build | Farm |
| 19:11 | Build | House |
| 19:12 | Build | House |
| 19:32 | Queue | Villager (Male) |
| 19:33 | Queue | Villager (Male) |
| 19:33 | Queue | Villager (Male) |
| 19:33 | Queue | Villager (Male) |
| 19:35 | Build | Farm |
| 19:43 | Build | Town Center |
| 20:03 | Queue | Villager (Male) |
| 20:03 | Queue | Villager (Male) |
| 20:33 | Queue | Villager (Male) |
| 20:34 | Queue | Villager (Male) |
| 20:34 | Queue | Villager (Male) |
| 20:35 | Queue | Villager (Male) |
| 20:48 | Build | Farm |
| 20:49 | Build | Farm |
| 21:24 | Queue | Villager (Male) |
| 21:24 | Queue | Villager (Male) |
| 21:25 | Queue | Villager (Male) |
| 21:25 | Queue | Villager (Male) |
| 21:25 | Queue | Villager (Male) |
| 21:26 | Queue | Villager (Male) |
| 21:26 | Queue | Villager (Male) |
| 21:31 | Build | Farm |
| 21:33 | Build | Farm |
| 21:33 | Build | Farm |
| 21:33 | Build | Farm |
| 21:34 | Build | Farm |
| 21:34 | Build | Farm |
| 21:34 | Build | Farm |
| 21:34 | Build | Farm |
| 21:34 | Build | Farm |
| 21:41 | Build | House |
| 21:42 | Build | House |
| 21:43 | Build | House |
| 21:43 | Build | House |
| 21:46 | Build | Farm |
| 21:46 | Queue | Villager (Male) |
| 21:47 | Queue | Villager (Male) |
| 22:01 | Queue | Villager (Male) |
| 22:01 | Queue | Villager (Male) |
| 22:04 | Build | House |
| 22:05 | Build | House |
| 22:06 | Build | House |
| 22:06 | Build | House |
| 22:10 | Research | Loom |
| 22:10 | Queue | Villager (Male) |
| 22:12 | Build | House |
| 22:13 | Build | House |
| 22:29 | Queue | Villager (Male) |
Build order — 铁马金戈 No.1
First 150 of 538 actions detected
| 0:01 | Queue | Villager (Male) ×4 |
| 0:02 | Build | House |
| 0:03 | Build | House |
| 1:29 | Queue | Villager (Male) |
| 1:56 | Queue | Villager (Male) |
| 2:28 | Queue | Villager (Male) |
| 2:28 | Queue | Villager (Male) |
| 2:28 | Queue | Villager (Male) |
| 2:30 | Build | Lumber Camp |
| 3:06 | Queue | Villager (Male) |
| 3:07 | Queue | Villager (Male) |
| 3:12 | Queue | Villager (Male) |
| 3:26 | Build | House |
| 3:46 | Queue | Villager (Male) |
| 3:46 | Queue | Villager (Male) |
| 4:20 | Queue | Villager (Male) |
| 4:33 | Queue | Villager (Male) |
| 5:02 | Queue | Villager (Male) |
| 5:15 | Queue | Villager (Male) |
| 5:37 | Build | Mill |
| 5:57 | Queue | Villager (Male) |
| 6:00 | Build | House |
| 6:16 | Queue | Villager (Male) |
| 7:01 | Queue | Villager (Male) |
| 7:05 | Build | House |
| 7:20 | Queue | Villager (Male) |
| 7:40 | Build | Mill |
| 7:41 | Queue | Villager (Male) |
| 7:55 | Queue | Villager (Male) |
| 7:59 | Research | Loom |
| 8:08 | Queue | Villager (Male) |
| 8:28 | Queue | Villager (Male) |
| 8:46 | Queue | Villager (Male) |
| 8:52 | Research | Feudal Age |
| 8:54 | Build | Mining Camp |
| 10:51 | Queue | Villager (Male) |
| 10:51 | Queue | Villager (Male) |
| 11:24 | Age | Feudal Age |
| 11:26 | Build | Market |
| 11:27 | Build | Blacksmith |
| 11:33 | Research | Double-Bit Axe |
| 11:57 | Research | Horse Collar |
| 11:57 | Research | Horse Collar |
| 12:14 | Research | Castle Age |
| 12:15 | Research | Castle Age |
| 14:11 | Queue | Villager (Male) |
| 14:16 | Build | House |
| 14:28 | Queue | Villager (Male) |
| 14:54 | Age | Castle Age |
| 14:58 | Queue | Villager (Male) |
| 15:00 | Build | Town Center |
| 15:12 | Build | Town Center |
| 15:15 | Research | Bow Saw |
| 15:19 | Research | Heavy Plow |
| 15:22 | Queue | Villager (Male) |
| 15:27 | Build | Farm |
| 15:28 | Build | Farm |
| 15:53 | Build | Farm |
| 16:01 | Build | Farm |
| 16:01 | Queue | Villager (Male) |
| 16:13 | Queue | Villager (Male) |
| 16:24 | Queue | Villager (Male) |
| 16:26 | Build | Farm |
| 16:30 | Build | Farm |
| 16:31 | Queue | Villager (Male) |
| 16:33 | Queue | Villager (Male) |
| 16:36 | Queue | Villager (Male) |
| 16:38 | Queue | Villager (Male) |
| 16:38 | Queue | Villager (Male) |
| 16:43 | Queue | Villager (Male) |
| 16:46 | Build | Farm |
| 16:49 | Queue | Villager (Male) |
| 17:03 | Queue | Villager (Male) |
| 17:10 | Queue | Villager (Male) |
| 17:17 | Queue | Villager (Male) |
| 17:27 | Build | Town Center |
| 17:29 | Queue | Villager (Male) |
| 17:36 | Queue | Villager (Male) |
| 17:39 | Build | Farm |
| 17:47 | Queue | Villager (Male) |
| 17:49 | Build | Farm |
| 17:54 | Queue | Villager (Male) |
| 17:56 | Build | Farm |
| 18:12 | Queue | Villager (Male) |
| 18:16 | Queue | Villager (Male) |
| 18:19 | Build | Farm |
| 18:21 | Build | Farm |
| 18:23 | Build | House |
| 18:33 | Queue | Villager (Male) |
| 18:43 | Build | Farm |
| 18:52 | Build | House |
| 18:54 | Build | Farm |
| 18:54 | Queue | Villager (Male) |
| 18:56 | Build | Farm |
| 18:57 | Queue | Villager (Male) |
| 19:00 | Build | Farm |
| 19:01 | Build | Farm |
| 19:03 | Build | Farm |
| 19:16 | Queue | Villager (Male) |
| 19:20 | Build | House |
| 19:23 | Build | Monastery |
| 19:24 | Queue | Villager (Male) |
| 19:28 | Queue | Villager (Male) |
| 19:41 | Build | Farm |
| 19:43 | Queue | Villager (Male) |
| 19:46 | Build | Farm |
| 19:47 | Build | Farm |
| 19:48 | Build | Farm |
| 19:48 | Queue | Villager (Male) |
| 19:54 | Build | Farm |
| 19:55 | Queue | Villager (Male) |
| 19:57 | Build | House |
| 20:02 | Build | Farm |
| 20:03 | Queue | Villager (Male) |
| 20:07 | Queue | Monk |
| 20:11 | Queue | Villager (Male) |
| 20:15 | Build | Farm |
| 20:18 | Build | Farm |
| 20:20 | Queue | Villager (Male) |
| 20:24 | Queue | Villager (Male) |
| 20:27 | Build | Lumber Camp |
| 20:30 | Queue | Villager (Male) |
| 20:32 | Build | House |
| 20:33 | Build | House |
| 20:33 | Build | House |
| 20:36 | Build | Farm |
| 20:39 | Build | Farm |
| 20:40 | Queue | Villager (Male) |
| 20:43 | Build | Farm |
| 20:44 | Queue | Villager (Male) |
| 20:52 | Queue | Villager (Male) |
| 20:53 | Build | Farm |
| 20:57 | Queue | Villager (Male) |
| 20:57 | Queue | Villager (Male) |
| 21:00 | Build | Farm |
| 21:01 | Queue | Villager (Male) |
| 21:08 | Queue | Villager (Male) |
| 21:08 | Queue | Monk |
| 21:17 | Queue | Villager (Male) |
| 21:19 | Queue | Villager (Male) |
| 21:19 | Queue | Villager (Male) |
| 21:22 | Build | Farm |
| 21:22 | Build | Farm |
| 21:23 | Queue | Villager (Male) |
| 21:24 | Build | Farm |
| 21:26 | Build | Farm |
| 21:28 | Build | Farm |
| 21:29 | Queue | Villager (Male) |
| 21:29 | Queue | Villager (Male) |
| 21:32 | Build | Farm |
Build order — DemonSheep
First 150 of 295 actions detected
| 0:02 | Queue | Villager (Male) |
| 0:03 | Build | House |
| 0:04 | Build | House |
| 0:05 | Queue | Villager (Male) ×3 |
| 0:45 | Build | Palisade Wall |
| 1:15 | Research | Loom |
| 1:39 | Queue | Villager (Male) |
| 2:40 | Build | House |
| 3:18 | Queue | Villager (Male) |
| 3:22 | Build | Palisade Wall |
| 3:23 | Build | Palisade Wall |
| 4:22 | Build | Palisade Wall |
| 4:27 | Build | Palisade Wall |
| 4:47 | Queue | Villager (Male) |
| 4:47 | Queue | Villager (Male) |
| 5:30 | Build | Palisade Wall |
| 5:50 | Queue | Villager (Male) |
| 5:50 | Queue | Villager (Male) |
| 6:18 | Build | Settlement |
| 6:34 | Queue | Villager (Male) |
| 6:34 | Queue | Villager (Male) |
| 6:52 | Queue | Villager (Male) |
| 6:52 | Queue | Villager (Male) |
| 7:32 | Queue | Villager (Male) |
| 7:32 | Queue | Villager (Male) |
| 7:41 | Build | Palisade Wall |
| 8:23 | Queue | Villager (Male) |
| 8:24 | Queue | Villager (Male) |
| 8:28 | Queue | Villager (Male) |
| 8:29 | Queue | Villager (Male) |
| 8:38 | Queue | Villager (Male) |
| 8:39 | Queue | Villager (Male) |
| 9:24 | Queue | Villager (Male) |
| 9:25 | Queue | Villager (Male) |
| 9:40 | Build | Palisade Wall |
| 9:43 | Build | Palisade Wall |
| 9:50 | Build | Palisade Wall |
| 9:51 | Queue | Villager (Male) |
| 9:52 | Queue | Villager (Male) |
| 9:59 | Queue | Villager (Male) |
| 9:59 | Queue | Villager (Male) |
| 10:00 | Queue | Villager (Male) |
| 10:51 | Queue | Villager (Male) |
| 10:56 | Build | House |
| 11:19 | Queue | Villager (Male) |
| 11:19 | Queue | Villager (Male) |
| 11:57 | Queue | Villager (Male) |
| 12:02 | Build | Settlement |
| 12:06 | Queue | Villager (Male) |
| 12:48 | Queue | Villager (Male) |
| 12:49 | Queue | Villager (Male) |
| 13:23 | Queue | Villager (Male) |
| 13:36 | Build | Settlement |
| 14:16 | Build | Settlement |
| 14:21 | Queue | Villager (Male) |
| 14:57 | Queue | Villager (Male) |
| 15:11 | Research | Feudal Age |
| 15:11 | Research | Feudal Age |
| 15:38 | Build | Farm |
| 15:39 | Build | Farm |
| 15:40 | Build | Farm |
| 15:57 | Queue | Villager (Male) |
| 15:58 | Queue | Villager (Male) |
| 16:15 | Build | Farm |
| 16:22 | Build | Farm |
| 16:33 | Build | Farm |
| 18:04 | Age | Feudal Age |
| 18:05 | Build | Market |
| 18:07 | Build | Blacksmith |
| 18:20 | Research | Double-Bit Axe |
| 18:20 | Research | Double-Bit Axe |
| 18:52 | Research | Gold Mining |
| 18:53 | Research | Castle Age |
| 18:53 | Research | Castle Age |
| 19:31 | Queue | Villager (Male) |
| 19:31 | Queue | Villager (Male) |
| 19:46 | Build | Farm |
| 19:49 | Build | Farm |
| 20:32 | Build | Stone Wall |
| 20:34 | Build | Stone Wall |
| 20:38 | Build | Stone Wall |
| 20:44 | Build | Stone Wall |
| 20:53 | Build | Stone Wall |
| 21:06 | Build | Stone Wall |
| 21:10 | Build | Gate |
| 21:12 | Build | Gate |
| 21:34 | Age | Castle Age |
| 21:42 | Build | Castle |
| 21:47 | Build | House |
| 21:50 | Build | Gate |
| 21:55 | Build | Gate |
| 21:56 | Build | Stone Wall |
| 22:14 | Build | Monastery |
| 22:18 | Queue | Villager (Male) |
| 23:04 | Queue | Villager (Male) |
| 23:04 | Queue | Villager (Male) |
| 23:32 | Research | Fletching |
| 23:32 | Research | Fletching |
| 23:41 | Build | House |
| 23:42 | Build | House |
| 23:44 | Build | House |
| 24:01 | Queue | Villager (Male) |
| 24:01 | Queue | Villager (Male) |
| 24:16 | Queue | Monk |
| 24:18 | Queue | Monk |
| 24:28 | Build | Siege Workshop |
| 24:51 | Queue | Villager (Male) |
| 25:05 | Queue | Mangonel |
| 25:15 | Queue | Villager (Male) |
| 25:24 | Queue | Villager (Male) |
| 25:32 | Build | House |
| 26:06 | Queue | Mangonel |
| 26:35 | Build | House |
| 26:48 | Queue | Villager (Male) |
| 26:49 | Queue | Mangonel |
| 27:08 | Queue | Villager (Male) |
| 27:33 | Research | Redemption |
| 27:54 | Queue | Villager (Male) |
| 28:32 | Build | Market |
| 28:46 | Research | Wheelbarrow |
| 29:15 | Queue | Villager (Male) |
| 30:11 | Queue | Villager (Male) |
| 30:11 | Queue | Villager (Male) |
| 30:11 | Queue | Villager (Male) |
| 30:27 | Queue | Villager (Male) |
| 30:28 | Queue | Villager (Male) |
| 30:57 | Build | Farm |
| 31:23 | Queue | Villager (Male) |
| 31:31 | Queue | Villager (Male) |
| 31:31 | Queue | Villager (Male) |
| 31:39 | Build | Farm |
| 31:40 | Build | Farm |
| 31:51 | Build | Farm |
| 31:52 | Build | Farm |
| 32:14 | Build | Monastery |
| 32:16 | Queue | Villager (Male) |
| 32:39 | Build | Farm |
| 32:41 | Build | Farm |
| 32:43 | Build | Farm |
| 32:50 | Queue | Monk |
| 32:56 | Research | Sanctity |
| 33:40 | Queue | Monk |
| 33:55 | Build | Settlement |
| 34:32 | Build | House |
| 34:33 | Build | House |
| 34:33 | Build | House |
| 35:40 | Build | Settlement |
| 37:26 | Build | Town Center |
| 38:44 | Build | Monastery |
| 38:46 | Queue | Villager (Male) ×5 |
Build order — Moneimon
First 150 of 752 actions detected
| 0:00 | Queue | Villager (Male) |
| 0:01 | Queue | Villager (Male) |
| 0:02 | Build | House |
| 0:03 | Build | House |
| 0:20 | Research | Loom |
| 0:27 | Queue | Villager (Male) |
| 0:27 | Queue | Villager (Male) |
| 0:28 | Queue | Villager (Male) |
| 0:28 | Queue | Villager (Male) |
| 0:34 | Build | Palisade Wall |
| 1:50 | Queue | Villager (Male) |
| 1:50 | Queue | Villager (Male) |
| 2:17 | Queue | Villager (Male) |
| 2:18 | Queue | Villager (Male) |
| 2:57 | Queue | Villager (Male) |
| 2:57 | Queue | Villager (Male) |
| 3:37 | Build | Palisade Wall |
| 3:41 | Queue | Villager (Male) |
| 3:41 | Queue | Villager (Male) |
| 3:57 | Queue | Villager (Male) |
| 3:57 | Queue | Villager (Male) |
| 4:02 | Build | House |
| 4:44 | Build | Palisade Wall |
| 4:45 | Build | Palisade Wall |
| 4:47 | Build | Palisade Wall |
| 4:53 | Build | Palisade Wall |
| 5:09 | Build | Palisade Wall |
| 5:13 | Queue | Villager (Male) |
| 5:14 | Queue | Villager (Male) |
| 5:37 | Queue | Villager (Male) |
| 5:38 | Queue | Villager (Male) |
| 6:08 | Queue | Villager (Male) |
| 6:09 | Queue | Villager (Male) |
| 6:35 | Queue | Villager (Male) |
| 6:35 | Queue | Villager (Male) |
| 6:43 | Build | Palisade Wall |
| 6:45 | Build | Palisade Wall |
| 7:04 | Build | Palisade Wall |
| 7:20 | Build | Lumber Camp |
| 7:34 | Queue | Villager (Male) |
| 7:34 | Queue | Villager (Male) |
| 7:35 | Queue | Villager (Male) |
| 7:36 | Queue | Villager (Male) |
| 7:48 | Build | Palisade Wall |
| 7:50 | Build | Palisade Wall |
| 8:05 | Queue | Villager (Male) |
| 8:42 | Queue | Villager (Male) |
| 8:48 | Queue | Villager (Male) |
| 8:56 | Build | House |
| 9:02 | Build | House |
| 9:14 | Queue | Villager (Male) |
| 9:15 | Queue | Villager (Male) |
| 9:42 | Queue | Villager (Male) |
| 10:04 | Build | Mill |
| 10:11 | Queue | Villager (Male) |
| 10:30 | Queue | Villager (Male) |
| 10:41 | Queue | Villager (Male) |
| 11:05 | Queue | Villager (Male) |
| 11:53 | Build | Mining Camp |
| 11:57 | Queue | Villager (Male) |
| 12:42 | Build | Mining Camp |
| 12:47 | Research | Feudal Age |
| 12:47 | Research | Feudal Age |
| 13:25 | Queue | Villager (Male) |
| 13:25 | Queue | Villager (Male) |
| 15:09 | Age | Feudal Age |
| 15:13 | Build | Stone Wall |
| 15:26 | Build | Stone Wall |
| 15:31 | Queue | Villager (Male) |
| 15:35 | Research | Double-Bit Axe |
| 15:35 | Research | Horse Collar |
| 15:37 | Queue | Villager (Male) |
| 15:41 | Build | Market |
| 16:22 | Build | Lumber Camp |
| 16:42 | Build | Stone Wall |
| 16:52 | Build | Stone Wall |
| 16:57 | Queue | Villager (Male) |
| 17:06 | Build | Blacksmith |
| 17:29 | Build | House |
| 17:31 | Build | Stone Wall |
| 17:33 | Build | Stone Wall |
| 17:46 | Queue | Villager (Male) |
| 17:57 | Build | Stone Wall |
| 17:58 | Build | Stone Wall |
| 18:00 | Build | Stone Wall |
| 18:13 | Research | Castle Age |
| 18:14 | Research | Castle Age |
| 18:26 | Queue | Villager (Male) |
| 18:37 | Queue | Villager (Male) |
| 18:41 | Build | Farm |
| 18:56 | Build | House |
| 19:05 | Build | Stone Wall |
| 19:29 | Queue | Villager (Male) |
| 19:34 | Build | Farm |
| 19:46 | Build | Stone Wall |
| 19:49 | Queue | Villager (Male) |
| 20:53 | Age | Castle Age |
| 20:58 | Build | Gate |
| 21:01 | Build | Gate |
| 21:05 | Build | Town Center |
| 21:24 | Queue | Villager (Male) |
| 21:24 | Queue | Villager (Male) |
| 21:35 | Build | Farm |
| 22:08 | Queue | Villager (Male) |
| 22:08 | Queue | Villager (Male) |
| 22:16 | Build | Stone Wall |
| 22:17 | Build | Stone Wall |
| 22:23 | Build | Farm |
| 22:31 | Build | Farm |
| 22:46 | Queue | Villager (Male) |
| 22:46 | Queue | Villager (Male) |
| 22:54 | Build | Farm |
| 23:11 | Build | Farm |
| 23:12 | Queue | Villager (Male) |
| 23:12 | Queue | Villager (Male) |
| 23:19 | Build | Farm |
| 23:27 | Queue | Villager (Male) |
| 23:28 | Queue | Villager (Male) |
| 23:40 | Build | Stone Wall |
| 23:48 | Build | Farm |
| 23:49 | Queue | Villager (Male) |
| 23:51 | Build | Stone Wall |
| 23:55 | Build | Stone Wall |
| 24:04 | Build | Farm |
| 24:12 | Build | Farm |
| 24:19 | Queue | Villager (Male) |
| 24:30 | Queue | Villager (Male) |
| 24:30 | Queue | Villager (Male) |
| 24:33 | Build | Farm |
| 24:45 | Build | Town Center |
| 25:00 | Queue | Villager (Male) |
| 25:17 | Queue | Villager (Male) |
| 25:19 | Build | Farm |
| 25:29 | Queue | Villager (Male) |
| 25:29 | Queue | Villager (Male) |
| 25:53 | Build | Farm |
| 25:56 | Build | Farm |
| 26:07 | Queue | Villager (Male) |
| 26:07 | Queue | Villager (Male) |
| 26:08 | Queue | Villager (Male) |
| 26:08 | Queue | Villager (Male) |
| 26:26 | Research | Town Watch |
| 26:27 | Queue | Villager (Male) |
| 26:27 | Queue | Villager (Male) |
| 26:51 | Queue | Villager (Male) |
| 27:05 | Build | Town Center |
| 27:07 | Queue | Villager (Male) |
| 27:10 | Queue | Villager (Male) |
| 27:14 | Build | Farm |
| 27:19 | Queue | Villager (Male) |
Build order — GKT_Cloud
First 150 of 549 actions detected
| 0:01 | Queue | Villager (Male) |
| 0:03 | Build | House |
| 0:04 | Build | House |
| 0:11 | Queue | Villager (Male) ×5 |
| 0:45 | Research | Loom |
| 0:56 | Queue | Villager (Male) |
| 1:15 | Queue | Villager (Male) |
| 1:25 | Queue | Villager (Male) |
| 1:26 | Queue | Villager (Male) |
| 1:26 | Queue | Villager (Male) |
| 1:43 | Build | Palisade Wall |
| 1:45 | Build | Palisade Wall |
| 1:48 | Build | Palisade Wall |
| 2:10 | Queue | Villager (Male) |
| 3:51 | Queue | Villager (Male) |
| 4:27 | Build | Palisade Wall |
| 4:29 | Build | Palisade Wall |
| 4:38 | Build | Palisade Wall |
| 4:56 | Build | Palisade Wall |
| 4:57 | Queue | Villager (Male) |
| 5:37 | Queue | Villager (Male) |
| 5:38 | Queue | Villager (Male) |
| 5:59 | Build | Palisade Wall |
| 6:16 | Queue | Villager (Male) |
| 6:17 | Queue | Villager (Male) |
| 6:39 | Build | House |
| 6:52 | Queue | Villager (Male) |
| 7:08 | Queue | Villager (Male) |
| 7:08 | Queue | Villager (Male) |
| 7:25 | Build | Palisade Gate |
| 7:40 | Build | Lumber Camp |
| 7:50 | Queue | Villager (Male) |
| 7:54 | Build | House |
| 8:12 | Queue | Villager (Male) |
| 8:12 | Queue | Villager (Male) |
| 8:30 | Queue | Villager (Male) |
| 8:31 | Queue | Villager (Male) |
| 8:53 | Queue | Villager (Male) |
| 9:01 | Build | House |
| 9:18 | Queue | Villager (Male) |
| 9:28 | Queue | Villager (Male) |
| 9:28 | Queue | Villager (Male) |
| 9:39 | Queue | Villager (Male) |
| 9:40 | Queue | Villager (Male) |
| 9:59 | Queue | Villager (Male) |
| 10:05 | Build | Palisade Wall |
| 10:23 | Build | House |
| 10:28 | Build | House |
| 10:35 | Queue | Villager (Male) |
| 10:39 | Build | House |
| 11:14 | Build | Mill |
| 11:19 | Queue | Villager (Male) |
| 11:19 | Queue | Villager (Male) |
| 11:41 | Build | Mill |
| 11:52 | Build | Palisade Wall |
| 11:54 | Queue | Villager (Male) ×2 |
| 12:00 | Build | Palisade Wall |
| 12:29 | Queue | Villager (Male) |
| 12:52 | Research | Feudal Age |
| 13:15 | Build | Mining Camp |
| 13:41 | Build | Palisade Wall |
| 15:02 | Age | Feudal Age |
| 15:04 | Queue | Villager (Male) |
| 15:04 | Queue | Villager (Male) |
| 15:07 | Build | Market |
| 15:13 | Build | Blacksmith |
| 15:32 | Build | House |
| 15:35 | Research | Town Watch |
| 16:04 | Queue | Villager (Male) |
| 16:06 | Build | Lumber Camp |
| 16:32 | Queue | Villager (Male) |
| 16:46 | Queue | Villager (Male) |
| 16:50 | Research | Castle Age |
| 16:54 | Research | Double-Bit Axe |
| 17:18 | Queue | Villager (Male) |
| 18:27 | Queue | Villager (Male) ×4 |
| 18:31 | Build | Palisade Wall |
| 18:37 | Build | Farm |
| 18:38 | Build | Farm |
| 18:39 | Build | Farm |
| 19:36 | Build | Farm |
| 19:37 | Age | Castle Age |
| 19:37 | Build | Farm |
| 19:39 | Build | Town Center |
| 19:43 | Build | Town Center |
| 20:08 | Build | Monastery |
| 20:17 | Queue | Villager (Male) ×5 |
| 20:26 | Build | Farm |
| 20:31 | Build | Farm |
| 20:32 | Build | Farm |
| 20:36 | Build | Farm |
| 20:54 | Build | House |
| 21:01 | Research | Wheelbarrow |
| 21:04 | Build | House |
| 21:05 | Queue | Monk |
| 21:09 | Build | House |
| 21:12 | Build | House |
| 21:15 | Build | House |
| 21:15 | Queue | Villager (Male) |
| 21:16 | Queue | Villager (Male) |
| 21:20 | Queue | Villager (Male) |
| 21:20 | Queue | Villager (Male) |
| 21:44 | Build | Farm |
| 21:46 | Queue | Villager (Male) ×5 |
| 22:03 | Queue | Villager (Male) |
| 22:04 | Queue | Monk |
| 22:12 | Build | Farm |
| 22:15 | Build | Farm |
| 22:16 | Build | Farm |
| 22:27 | Build | House |
| 22:29 | Queue | Villager (Male) |
| 22:44 | Build | Farm |
| 22:46 | Build | Farm |
| 22:48 | Queue | Villager (Male) |
| 23:07 | Build | House |
| 23:08 | Queue | Villager (Male) |
| 23:08 | Queue | Villager (Male) |
| 23:09 | Queue | Villager (Male) |
| 23:19 | Queue | Villager (Male) |
| 23:19 | Queue | Villager (Male) |
| 23:29 | Build | Town Center |
| 23:35 | Research | Stone Mining |
| 23:40 | Queue | Villager (Male) |
| 23:41 | Build | Farm |
| 23:53 | Queue | Villager (Male) |
| 24:09 | Queue | Villager (Male) |
| 24:10 | Queue | Villager (Male) |
| 24:20 | Queue | Villager (Male) ×5 |
| 24:23 | Build | Mining Camp |
| 24:24 | Build | Farm |
| 24:29 | Build | Farm |
| 24:30 | Build | Farm |
| 24:33 | Queue | Villager (Male) |
| 24:49 | Build | House |
| 24:51 | Build | House |
| 24:53 | Queue | Villager (Male) |
| 24:54 | Queue | Villager (Male) |
| 24:55 | Queue | Villager (Male) |
| 24:56 | Queue | Villager (Male) |
| 25:19 | Build | Farm |
| 25:25 | Build | Farm |
| 25:26 | Build | Farm |
| 25:29 | Queue | Villager (Male) |
| 25:34 | Research | Hand Cart |
| 25:34 | Research | Hand Cart |
| 25:39 | Queue | Villager (Male) |
| 25:51 | Build | House |
| 25:52 | Build | House |
| 25:55 | Queue | Villager (Male) ×2 |
| 25:57 | Build | Farm |
Build order — 04py
First 150 of 624 actions detected
| 0:00 | Queue | Villager (Male) |
| 0:02 | Build | House |
| 0:04 | Build | House |
| 0:11 | Queue | Villager (Male) |
| 0:11 | Queue | Villager (Male) |
| 0:12 | Queue | Villager (Male) |
| 0:12 | Queue | Villager (Male) |
| 1:28 | Queue | Villager (Male) |
| 1:28 | Queue | Villager (Male) |
| 1:50 | Queue | Villager (Male) |
| 2:01 | Build | Lumber Camp |
| 2:35 | Queue | Villager (Male) |
| 2:36 | Queue | Villager (Male) |
| 2:36 | Queue | Villager (Male) |
| 3:25 | Queue | Villager (Male) |
| 3:25 | Queue | Villager (Male) |
| 3:26 | Queue | Villager (Male) |
| 3:38 | Queue | Villager (Male) |
| 3:38 | Queue | Villager (Male) |
| 3:38 | Queue | Villager (Male) |
| 4:12 | Queue | Villager (Male) |
| 4:12 | Queue | Villager (Male) |
| 4:14 | Queue | Villager (Male) |
| 4:15 | Queue | Villager (Male) |
| 4:20 | Build | House |
| 4:56 | Queue | Villager (Male) |
| 4:56 | Queue | Villager (Male) |
| 5:02 | Build | Mill |
| 5:43 | Research | Feudal Age |
| 5:44 | Research | Feudal Age |
| 7:15 | Build | Barracks |
| 7:45 | Queue | Villager (Male) |
| 8:05 | Queue | Villager (Male) |
| 8:05 | Age | Feudal Age |
| 8:33 | Queue | Villager (Male) |
| 8:52 | Queue | Villager (Male) |
| 8:55 | Build | House |
| 9:27 | Build | House |
| 9:28 | Queue | Villager (Male) |
| 9:32 | Research | Double-Bit Axe |
| 9:32 | Research | Double-Bit Axe |
| 9:56 | Queue | Villager (Male) |
| 10:00 | Research | Horse Collar |
| 10:00 | Research | Horse Collar |
| 10:14 | Queue | Villager (Male) |
| 10:19 | Build | Farm |
| 10:20 | Build | Farm |
| 10:22 | Build | Farm |
| 10:24 | Build | Farm |
| 10:26 | Build | Farm |
| 10:29 | Build | Farm |
| 10:30 | Queue | Villager (Male) |
| 10:41 | Queue | Villager (Male) |
| 10:50 | Build | Farm |
| 11:01 | Build | Mining Camp |
| 11:20 | Queue | Villager (Male) |
| 12:16 | Build | Blacksmith |
| 12:17 | Build | Market |
| 12:18 | Queue | Villager (Male) |
| 12:20 | Queue | Villager (Male) |
| 13:05 | Queue | Villager (Male) |
| 13:16 | Queue | Villager (Male) |
| 13:23 | Build | House |
| 13:58 | Research | Castle Age |
| 15:56 | Queue | Villager (Male) |
| 16:28 | Queue | Villager (Male) |
| 16:38 | Age | Castle Age |
| 16:41 | Build | Town Center |
| 16:46 | Build | Town Center |
| 16:48 | Research | Bow Saw |
| 16:48 | Research | Heavy Plow |
| 16:49 | Research | Heavy Plow |
| 16:50 | Queue | Villager (Male) |
| 16:59 | Build | Town Center |
| 17:01 | Queue | Villager (Male) |
| 17:07 | Build | Farm |
| 17:29 | Build | Farm |
| 17:31 | Queue | Villager (Male) |
| 17:33 | Build | House |
| 17:52 | Build | Farm |
| 17:58 | Queue | Villager (Male) |
| 17:59 | Queue | Villager (Male) |
| 17:59 | Queue | Villager (Male) |
| 18:09 | Queue | Villager (Male) |
| 18:09 | Queue | Villager (Male) |
| 18:14 | Queue | Villager (Male) |
| 18:18 | Build | Farm |
| 18:20 | Build | Farm |
| 18:21 | Queue | Villager (Male) |
| 18:30 | Queue | Villager (Male) |
| 18:37 | Build | Farm |
| 18:39 | Build | Farm |
| 18:40 | Queue | Villager (Male) |
| 18:48 | Build | House |
| 18:49 | Build | House |
| 18:50 | Build | House |
| 18:51 | Build | House |
| 19:00 | Queue | Villager (Male) |
| 19:00 | Queue | Villager (Male) |
| 19:08 | Queue | Villager (Male) |
| 19:15 | Build | Farm |
| 19:19 | Build | Farm |
| 19:22 | Build | Farm |
| 19:23 | Queue | Villager (Male) |
| 19:25 | Build | Farm |
| 19:27 | Build | Farm |
| 19:30 | Queue | Villager (Male) |
| 19:31 | Queue | Villager (Male) |
| 19:43 | Build | Farm |
| 19:43 | Build | Farm |
| 19:44 | Build | Farm |
| 19:48 | Build | Farm |
| 19:49 | Queue | Villager (Male) |
| 19:49 | Queue | Villager (Male) |
| 19:49 | Queue | Villager (Male) |
| 19:50 | Queue | Villager (Male) |
| 19:57 | Research | Wheelbarrow |
| 19:58 | Research | Wheelbarrow |
| 20:00 | Queue | Villager (Male) |
| 20:01 | Queue | Villager (Male) |
| 20:01 | Queue | Villager (Male) |
| 20:07 | Build | Farm |
| 20:08 | Build | Farm |
| 20:11 | Build | Farm |
| 20:12 | Queue | Villager (Male) |
| 20:17 | Build | Farm |
| 20:18 | Build | Farm |
| 20:18 | Build | Farm |
| 20:19 | Build | Farm |
| 20:22 | Queue | Villager (Male) |
| 20:24 | Queue | Villager (Male) |
| 20:29 | Queue | Villager (Male) |
| 20:30 | Queue | Villager (Male) |
| 20:31 | Queue | Villager (Male) |
| 20:31 | Queue | Villager (Male) |
| 20:36 | Build | Farm |
| 20:43 | Build | Farm |
| 20:44 | Build | Mill |
| 20:48 | Queue | Villager (Male) |
| 20:48 | Queue | Villager (Male) |
| 20:54 | Queue | Villager (Male) |
| 21:01 | Queue | Villager (Male) |
| 21:07 | Build | Farm |
| 21:08 | Build | Farm |
| 21:09 | Build | Farm |
| 21:10 | Build | Farm |
| 21:16 | Queue | Villager (Male) |
| 21:24 | Queue | Villager (Male) |
| 21:28 | Queue | Villager (Male) |
| 21:29 | Queue | Villager (Male) |
Build order — Vermilionz
First 150 of 397 actions detected
| 0:02 | Queue | Villager (Male) ×4 |
| 0:03 | Build | House |
| 0:04 | Build | House |
| 0:32 | Research | Loom |
| 0:40 | Queue | Villager (Male) ×2 |
| 0:40 | Queue | Villager (Male) ×2 |
| 1:45 | Queue | Villager (Male) |
| 1:45 | Queue | Villager (Male) |
| 1:46 | Queue | Villager (Male) |
| 2:19 | Build | Palisade Wall |
| 2:20 | Build | Palisade Wall |
| 2:29 | Queue | Villager (Male) ×2 |
| 2:29 | Queue | Villager (Male) ×2 |
| 3:28 | Build | Palisade Gate |
| 3:34 | Build | Palisade Wall |
| 3:55 | Queue | Villager (Male) |
| 3:55 | Queue | Villager (Male) |
| 4:20 | Build | Palisade Wall |
| 4:23 | Build | Palisade Wall |
| 4:32 | Queue | Villager (Male) |
| 4:32 | Queue | Villager (Male) |
| 4:38 | Build | Palisade Wall |
| 4:53 | Build | Palisade Wall |
| 5:26 | Queue | Villager (Male) |
| 5:26 | Queue | Villager (Male) |
| 5:51 | Build | House |
| 6:01 | Queue | Villager (Male) |
| 6:01 | Queue | Villager (Male) |
| 6:02 | Queue | Villager (Male) |
| 6:36 | Queue | Villager (Male) |
| 6:36 | Queue | Villager (Male) |
| 7:07 | Queue | Villager (Male) |
| 7:07 | Queue | Villager (Male) |
| 7:07 | Queue | Villager (Male) |
| 7:43 | Queue | Villager (Male) |
| 7:43 | Queue | Villager (Male) |
| 7:43 | Queue | Villager (Male) |
| 8:31 | Queue | Villager (Male) |
| 8:31 | Queue | Villager (Male) |
| 8:32 | Queue | Villager (Male) |
| 9:05 | Build | Palisade Wall |
| 9:30 | Build | Palisade Wall |
| 9:36 | Queue | Villager (Male) ×2 |
| 9:37 | Queue | Villager (Male) ×2 |
| 10:06 | Queue | Villager (Male) |
| 10:06 | Queue | Villager (Male) |
| 10:18 | Build | Palisade Wall |
| 10:38 | Build | Settlement |
| 10:57 | Queue | Villager (Male) |
| 11:39 | Queue | Villager (Male) |
| 11:52 | Build | Palisade Wall |
| 12:09 | Build | Settlement |
| 12:12 | Queue | Villager (Male) |
| 12:18 | Build | Palisade Wall |
| 12:32 | Queue | Villager (Male) |
| 12:47 | Queue | Villager (Male) |
| 13:13 | Build | Settlement |
| 13:28 | Queue | Villager (Male) |
| 14:02 | Research | Feudal Age |
| 16:09 | Build | Settlement |
| 16:12 | Age | Feudal Age |
| 16:13 | Build | Market |
| 16:14 | Build | Blacksmith |
| 16:16 | Queue | Villager (Male) |
| 16:57 | Research | Castle Age |
| 17:57 | Research | Double-Bit Axe |
| 19:37 | Age | Castle Age |
| 19:40 | Build | Castle |
| 19:54 | Queue | Villager (Male) |
| 20:01 | Queue | Villager (Male) |
| 20:09 | Research | Fletching |
| 20:39 | Queue | Unit 2579 ×5 |
| 20:41 | Build | Siege Workshop |
| 21:17 | Queue | Villager (Male) |
| 21:20 | Queue | Unit 2579 |
| 21:31 | Queue | Petard |
| 22:04 | Queue | Petard |
| 22:06 | Queue | Petard |
| 22:10 | Queue | Mangonel |
| 22:18 | Queue | Villager (Male) |
| 22:33 | Queue | Villager (Male) |
| 22:51 | Queue | Unit 2579 |
| 22:55 | Queue | Unit 2579 |
| 23:11 | Research | Bodkin Arrow |
| 23:38 | Queue | Petard |
| 23:47 | Queue | Villager (Male) |
| 24:13 | Queue | Unit 2579 |
| 24:14 | Queue | Unit 2579 |
| 24:18 | Build | Farm |
| 24:19 | Build | Farm |
| 24:22 | Build | Farm |
| 24:30 | Queue | Petard |
| 25:18 | Queue | Villager (Male) |
| 25:22 | Build | Farm |
| 25:23 | Build | Farm |
| 25:23 | Build | Farm |
| 25:24 | Build | Farm |
| 26:06 | Queue | Unit 2579 |
| 26:06 | Queue | Unit 2579 |
| 26:07 | Queue | Unit 2579 |
| 26:07 | Queue | Unit 2579 |
| 26:07 | Queue | Unit 2579 |
| 26:30 | Queue | Villager (Male) |
| 26:31 | Queue | Villager (Male) |
| 26:34 | Queue | Battering Ram |
| 27:11 | Queue | Unit 2579 |
| 27:11 | Queue | Unit 2579 |
| 27:18 | Queue | Villager (Male) |
| 27:21 | Build | Farm |
| 27:22 | Build | Farm |
| 27:23 | Build | Farm |
| 27:25 | Queue | Villager (Male) |
| 27:37 | Queue | Unit 2579 |
| 28:30 | Queue | Villager (Male) |
| 28:31 | Queue | Villager (Male) |
| 28:32 | Build | Farm |
| 28:33 | Build | Farm |
| 28:36 | Queue | Unit 2579 ×4 |
| 29:14 | Queue | Villager (Male) |
| 29:37 | Queue | Villager (Male) |
| 29:48 | Queue | Villager (Male) |
| 29:55 | Build | Town Center |
| 30:12 | Queue | Villager (Male) |
| 30:13 | Queue | Villager (Male) |
| 30:52 | Queue | Villager (Male) |
| 30:55 | Research | Bow Saw |
| 30:57 | Research | Horse Collar |
| 31:01 | Queue | Villager (Male) |
| 31:16 | Queue | Unit 2579 ×5 |
| 31:41 | Queue | Villager (Male) |
| 31:41 | Queue | Villager (Male) |
| 31:44 | Build | Farm |
| 31:44 | Build | Farm |
| 31:49 | Build | Farm |
| 31:50 | Build | Farm |
| 31:58 | Queue | Villager (Male) |
| 32:03 | Build | Farm |
| 32:03 | Build | Farm |
| 32:05 | Queue | Villager (Male) |
| 32:11 | Queue | Unit 2579 |
| 32:12 | Queue | Unit 2579 |
| 32:36 | Queue | Villager (Male) |
| 32:37 | Queue | Villager (Male) |
| 32:41 | Research | Heavy Plow |
| 33:23 | Queue | Villager (Male) |
| 33:23 | Queue | Villager (Male) |
| 33:26 | Build | Farm |
| 33:26 | Build | Farm |
| 33:27 | Queue | Villager (Male) |
| 33:27 | Queue | Villager (Male) |
Build order — LemonShip
First 150 of 1106 actions detected
| 0:01 | Queue | Villager (Male) |
| 0:02 | Build | House |
| 0:03 | Build | House |
| 0:08 | Queue | Villager (Male) |
| 0:08 | Queue | Villager (Male) |
| 0:17 | Queue | Villager (Male) |
| 0:17 | Queue | Villager (Male) |
| 1:08 | Queue | Villager (Male) |
| 1:08 | Queue | Villager (Male) |
| 1:09 | Queue | Villager (Male) |
| 1:39 | Queue | Villager (Male) |
| 1:40 | Queue | Villager (Male) |
| 2:25 | Build | Lumber Camp |
| 2:31 | Queue | Villager (Male) |
| 2:31 | Queue | Villager (Male) |
| 2:31 | Queue | Villager (Male) |
| 2:33 | Queue | Villager (Male) |
| 2:33 | Queue | Villager (Male) |
| 2:34 | Queue | Villager (Male) |
| 3:16 | Queue | Villager (Male) |
| 3:16 | Queue | Villager (Male) |
| 3:16 | Queue | Villager (Male) |
| 3:41 | Queue | Villager (Male) |
| 3:41 | Queue | Villager (Male) |
| 4:03 | Queue | Villager (Male) |
| 4:03 | Queue | Villager (Male) |
| 4:09 | Research | Loom |
| 4:09 | Research | Loom |
| 4:09 | Queue | Villager (Male) |
| 4:10 | Queue | Villager (Male) |
| 4:17 | Build | House |
| 4:37 | Queue | Villager (Male) |
| 4:37 | Queue | Villager (Male) |
| 4:38 | Queue | Villager (Male) |
| 5:05 | Build | Mill |
| 5:12 | Queue | Villager (Male) |
| 5:12 | Queue | Villager (Male) |
| 5:12 | Queue | Villager (Male) |
| 5:47 | Queue | Villager (Male) |
| 5:47 | Queue | Villager (Male) |
| 5:49 | Queue | Villager (Male) |
| 5:49 | Queue | Villager (Male) |
| 6:07 | Build | House |
| 6:14 | Queue | Villager (Male) |
| 6:23 | Queue | Villager (Male) |
| 6:23 | Queue | Villager (Male) |
| 6:29 | Build | House |
| 7:26 | Queue | Villager (Male) |
| 7:26 | Queue | Villager (Male) |
| 7:38 | Build | Mining Camp |
| 7:43 | Queue | Villager (Male) |
| 7:44 | Queue | Villager (Male) |
| 7:44 | Queue | Villager (Male) |
| 8:14 | Queue | Villager (Male) |
| 8:54 | Build | Mining Camp |
| 9:22 | Research | Feudal Age |
| 11:46 | Age | Feudal Age |
| 11:48 | Build | Market |
| 11:51 | Build | Blacksmith |
| 11:51 | Queue | Villager (Male) |
| 11:52 | Queue | Villager (Male) |
| 12:31 | Research | Castle Age |
| 12:31 | Research | Castle Age |
| 13:02 | Research | Double-Bit Axe |
| 13:03 | Research | Double-Bit Axe |
| 13:03 | Research | Horse Collar |
| 13:03 | Research | Horse Collar |
| 14:16 | Build | House |
| 14:42 | Build | House |
| 15:08 | Research | Town Watch |
| 15:21 | Age | Castle Age |
| 15:23 | Build | Castle |
| 15:26 | Research | Bow Saw |
| 15:26 | Queue | Villager (Male) |
| 15:45 | Queue | Villager (Male) |
| 16:15 | Queue | Villager (Male) |
| 16:28 | Queue | Conquistador |
| 16:30 | Build | Lumber Camp |
| 16:39 | Queue | Petard |
| 16:43 | Queue | Conquistador |
| 16:48 | Build | Town Center |
| 17:06 | Queue | Conquistador |
| 17:15 | Queue | Villager (Male) |
| 17:15 | Queue | Villager (Male) |
| 17:16 | Queue | Villager (Male) |
| 17:56 | Queue | Conquistador |
| 18:14 | Queue | Conquistador |
| 18:14 | Queue | Villager (Male) |
| 18:18 | Queue | Petard |
| 18:34 | Queue | Villager (Male) |
| 18:34 | Queue | Villager (Male) |
| 18:37 | Build | Farm |
| 18:38 | Build | Farm |
| 18:54 | Queue | Conquistador |
| 18:59 | Queue | Villager (Male) |
| 18:59 | Queue | Villager (Male) |
| 19:01 | Build | Farm |
| 19:02 | Build | Farm |
| 19:03 | Build | Farm |
| 19:07 | Build | Farm |
| 19:19 | Queue | Conquistador |
| 19:39 | Build | Farm |
| 19:43 | Queue | Conquistador |
| 19:43 | Queue | Conquistador |
| 20:02 | Build | Town Center |
| 20:29 | Queue | Conquistador |
| 20:34 | Queue | Villager (Male) |
| 20:40 | Build | Farm |
| 20:40 | Build | Farm |
| 20:40 | Build | Farm |
| 20:40 | Build | Farm |
| 20:41 | Build | Farm |
| 20:49 | Build | Farm |
| 20:49 | Build | Farm |
| 20:50 | Build | Farm |
| 20:50 | Build | Farm |
| 20:50 | Build | Farm |
| 20:50 | Build | Farm |
| 20:54 | Queue | Villager (Male) |
| 21:24 | Queue | Conquistador |
| 21:25 | Queue | Villager (Male) |
| 21:25 | Queue | Villager (Male) |
| 21:28 | Build | Monastery |
| 21:41 | Queue | Villager (Male) |
| 21:41 | Queue | Villager (Male) |
| 21:50 | Build | Farm |
| 22:04 | Queue | Conquistador |
| 22:15 | Research | Devotion |
| 22:15 | Research | Devotion |
| 22:20 | Queue | Conquistador |
| 22:25 | Build | Farm |
| 22:25 | Build | Farm |
| 22:28 | Build | Farm |
| 22:28 | Queue | Villager (Male) |
| 22:28 | Queue | Villager (Male) |
| 22:41 | Queue | Conquistador |
| 22:41 | Queue | Conquistador |
| 22:42 | Queue | Conquistador |
| 22:53 | Queue | Villager (Male) |
| 22:54 | Queue | Villager (Male) |
| 23:12 | Queue | Conquistador |
| 23:20 | Queue | Villager (Male) |
| 23:20 | Queue | Villager (Male) |
| 23:35 | Queue | Conquistador |
| 23:59 | Queue | Conquistador |
| 24:05 | Queue | Villager (Male) |
| 24:05 | Queue | Villager (Male) |
| 24:16 | Queue | Conquistador |
| 24:19 | Queue | Villager (Male) |
| 24:20 | Queue | Villager (Male) |
Match timeline
| 0:34 | Moneimon · wall_segment Palisade Wall x9 |
| 0:45 | DemonSheep · wall_segment Palisade Wall x7 |
| 1:43 | GKT_Cloud · wall_segment Palisade Wall x1 |
| 1:45 | GKT_Cloud · wall_segment Palisade Wall x1 |
| 1:48 | GKT_Cloud · wall_segment Palisade Wall x1 |
| 2:19 | Vermilionz · wall_segment Palisade Wall x1 |
| 2:20 | Vermilionz · wall_segment Palisade Wall x1 |
| 3:22 | DemonSheep · wall_segment Palisade Wall x1 |
| 3:23 | DemonSheep · wall_segment Palisade Wall x1 |
| 3:34 | Vermilionz · wall_segment Palisade Wall x1 |
| 3:37 | Moneimon · wall_segment Palisade Wall x1 |
| 4:20 | Vermilionz · wall_segment Palisade Wall x1 |
| 4:22 | DemonSheep · wall_segment Palisade Wall x1 |
| 4:23 | Vermilionz · wall_segment Palisade Wall x1 |
| 4:27 | DemonSheep · wall_segment Palisade Wall x1 |
| 4:27 | GKT_Cloud · wall_segment Palisade Wall x1 |
| 4:29 | GKT_Cloud · wall_segment Palisade Wall x1 |
| 4:38 | GKT_Cloud · wall_segment Palisade Wall x1 |
| 4:38 | Vermilionz · wall_segment Palisade Wall x1 |
| 4:44 | Moneimon · wall_segment Palisade Wall x1 |
| 4:45 | Moneimon · wall_segment Palisade Wall x1 |
| 4:47 | Moneimon · wall_segment Palisade Wall x1 |
| 4:53 | Vermilionz · wall_segment Palisade Wall x1 |
| 4:53 | Moneimon · wall_segment Palisade Wall x1 |
| 4:56 | GKT_Cloud · wall_segment Palisade Wall x1 |
| 5:09 | Moneimon · wall_segment Palisade Wall x10 |
| 5:30 | DemonSheep · wall_segment Palisade Wall x1 |
| 5:59 | GKT_Cloud · wall_segment Palisade Wall x1 |
| 6:04 | B站帝国时代2骑士老爷 · first_building Barracks |
| 6:43 | Moneimon · wall_segment Palisade Wall x1 |
| 6:45 | Moneimon · wall_segment Palisade Wall x1 |
| 7:04 | Moneimon · wall_segment Palisade Wall x1 |
| 7:15 | 04py · first_building Barracks |
| 7:41 | DemonSheep · wall_segment Palisade Wall x1 |
| 7:48 | Moneimon · wall_segment Palisade Wall x4 |
| 7:50 | Moneimon · wall_segment Palisade Wall x3 |
| 8:05 | 04py · age_up feudal |
| 9:05 | Vermilionz · wall_segment Palisade Wall x1 |
| 9:30 | Vermilionz · wall_segment Palisade Wall x1 |
| 9:40 | DemonSheep · wall_segment Palisade Wall x1 |
| 9:43 | DemonSheep · wall_segment Palisade Wall x1 |
| 9:50 | DemonSheep · wall_segment Palisade Wall x6 |
| 10:05 | GKT_Cloud · wall_segment Palisade Wall x1 |
| 10:18 | Vermilionz · wall_segment Palisade Wall x3 |
| 11:24 | 铁马金戈 No.1 · age_up feudal |
| 11:46 | LemonShip · age_up feudal |
| 11:52 | GKT_Cloud · wall_segment Palisade Wall x1 |
| 11:52 | Vermilionz · wall_segment Palisade Wall x1 |
| 12:00 | GKT_Cloud · wall_segment Palisade Wall x1 |
| 12:11 | B站帝国时代2骑士老爷 · age_up feudal |
| 12:14 | B站帝国时代2骑士老爷 · first_building Stable |
| 12:18 | Vermilionz · wall_segment Palisade Wall x1 |
| 13:41 | GKT_Cloud · wall_segment Palisade Wall x1 |
| 14:54 | 铁马金戈 No.1 · age_up castle |
| 15:02 | GKT_Cloud · age_up feudal |
| 15:09 | Moneimon · age_up feudal |
| 15:13 | Moneimon · wall_segment Stone Wall x9 |
| 15:21 | LemonShip · age_up castle |
| 15:23 | LemonShip · first_building Castle |
| 15:26 | Moneimon · wall_segment Stone Wall x3 |
| 15:41 | B站帝国时代2骑士老爷 · age_up castle |
| 15:51 | B站帝国时代2骑士老爷 · first_building Monastery |
| 16:01 | 04py · first_market_buy 100 stone |
| 16:12 | Vermilionz · age_up feudal |
| 16:38 | 04py · age_up castle |
| 16:42 | Moneimon · wall_segment Stone Wall x9 |
| 16:52 | Moneimon · wall_segment Stone Wall x4 |
| 17:20 | 铁马金戈 No.1 · first_market_buy 100 stone |
| 17:31 | Moneimon · wall_segment Stone Wall x1 |
| 17:33 | Moneimon · wall_segment Stone Wall x1 |
| 17:57 | Moneimon · wall_segment Stone Wall x1 |
| 17:58 | Moneimon · wall_segment Stone Wall x1 |
| 18:00 | Moneimon · wall_segment Stone Wall x1 |
| 18:04 | DemonSheep · age_up feudal |
| 18:31 | GKT_Cloud · wall_segment Palisade Wall x1 |
| 19:05 | Moneimon · wall_segment Stone Wall x1 |
| 19:23 | 铁马金戈 No.1 · first_building Monastery |
| 19:37 | GKT_Cloud · age_up castle |
| 19:37 | Vermilionz · age_up castle |
| 19:40 | Vermilionz · first_building Castle |
| 19:46 | Moneimon · wall_segment Stone Wall x2 |
| 20:08 | GKT_Cloud · first_building Monastery |
| 20:32 | DemonSheep · wall_segment Stone Wall x1 |
| 20:34 | DemonSheep · wall_segment Stone Wall x1 |
| 20:38 | DemonSheep · wall_segment Stone Wall x4 |
| 20:41 | Vermilionz · first_building Siege Workshop |
| 20:44 | DemonSheep · wall_segment Stone Wall x2 |
| 20:53 | DemonSheep · wall_segment Stone Wall x6 |
| 20:53 | Moneimon · age_up castle |
| 21:06 | DemonSheep · wall_segment Stone Wall x5 |
| 21:25 | DemonSheep · first_market_buy 100 stone |
| 21:28 | LemonShip · first_building Monastery |
| 21:34 | DemonSheep · age_up castle |
| 21:42 | DemonSheep · first_building Castle |
| 21:56 | DemonSheep · wall_segment Stone Wall x1 |
| 22:14 | DemonSheep · first_building Monastery |
| 22:16 | Moneimon · wall_segment Stone Wall x1 |
| 22:17 | Moneimon · wall_segment Stone Wall x1 |
| 23:23 | GKT_Cloud · first_market_buy 100 stone |
| 23:24 | 04py · first_building Monastery |
| 23:40 | Moneimon · wall_segment Stone Wall x1 |
| 23:51 | Moneimon · wall_segment Stone Wall x1 |
| 23:55 | Moneimon · wall_segment Stone Wall x1 |
| 24:22 | LemonShip · first_building Barracks |
| 24:28 | DemonSheep · first_building Siege Workshop |
| 25:07 | B站帝国时代2骑士老爷 · wall_segment Stone Wall x2 |
| 25:37 | 铁马金戈 No.1 · first_market_sell 100 food |
| 25:40 | LemonShip · first_building Stable |
| 25:47 | B站帝国时代2骑士老爷 · wall_segment Stone Wall x1 |
| 25:47 | B站帝国时代2骑士老爷 · wall_segment Stone Wall x1 |
| 25:47 | 04py · wall_segment Stone Wall x2 |
| 25:48 | B站帝国时代2骑士老爷 · wall_segment Stone Wall x2 |
| 26:04 | 04py · first_building Castle |
| 26:21 | B站帝国时代2骑士老爷 · first_building Siege Workshop |
| 26:25 | Moneimon · first_market_buy 100 food |
| 26:25 | 铁马金戈 No.1 · first_building Barracks |
| 27:32 | 铁马金戈 No.1 · first_building Castle |
| 27:41 | GKT_Cloud · first_building Castle |
| 27:41 | 铁马金戈 No.1 · first_building Siege Workshop |
| 28:13 | 04py · first_market_sell 100 food |
| 28:28 | 04py · age_up imperial |
| 28:35 | 铁马金戈 No.1 · first_building Archery Range |
| 29:21 | 铁马金戈 No.1 · age_up imperial |
| 29:27 | 04py · first_building Stable |
| 29:28 | 04py · first_building Archery Range |
| 29:47 | Moneimon · wall_segment Stone Wall x1 |
| 29:53 | Vermilionz · first_market_buy 100 wood |
| 29:57 | 04py · first_building Siege Workshop |
| 31:08 | B站帝国时代2骑士老爷 · age_up imperial |
| 31:32 | GKT_Cloud · first_building Barracks |
| 33:03 | B站帝国时代2骑士老爷 · first_building Castle |
| 33:28 | B站帝国时代2骑士老爷 · first_building Archery Range |
| 34:28 | LemonShip · age_up imperial |
| 34:43 | GKT_Cloud · age_up imperial |
| 35:04 | LemonShip · first_market_buy 100 food |
| 35:58 | LemonShip · first_building Siege Workshop |
| 36:35 | B站帝国时代2骑士老爷 · first_market_sell 100 stone |
| 38:11 | GKT_Cloud · first_building Stable |
| 39:04 | GKT_Cloud · first_building Siege Workshop |
| 40:16 | Vermilionz · first_building Barracks |
| 41:03 | DemonSheep · wall_segment Stone Wall x5 |
| 41:36 | LemonShip · tribute_sent a jugador 1 |
| 41:36 | LemonShip · tribute_sent a jugador 2 |
| 41:36 | LemonShip · tribute_sent a jugador 3 |
| 41:36 | LemonShip · tribute_sent a jugador 4 |
| 41:36 | LemonShip · tribute_sent a jugador 5 |
| 41:36 | LemonShip · tribute_sent a jugador 6 |
| 41:36 | LemonShip · tribute_sent a jugador 7 |
| 41:42 | 04py · wall_segment Palisade Wall x1 |
| 41:47 | LemonShip · tribute_sent a jugador 1 |
| 41:47 | LemonShip · tribute_sent a jugador 2 |
| 41:47 | LemonShip · tribute_sent a jugador 3 |
| 41:47 | LemonShip · tribute_sent a jugador 4 |
| 41:47 | LemonShip · tribute_sent a jugador 5 |
| 41:47 | LemonShip · tribute_sent a jugador 6 |
| 41:47 | LemonShip · tribute_sent a jugador 7 |
| 42:08 | Moneimon · first_building Castle |
| 42:59 | Vermilionz · age_up imperial |
| 43:27 | DemonSheep · wall_segment Stone Wall x6 |
| 45:19 | GKT_Cloud · first_market_sell 500 wood |
| 45:48 | LemonShip · tribute_sent a jugador 1 |
| 45:48 | LemonShip · tribute_sent a jugador 2 |
| 45:48 | LemonShip · tribute_sent a jugador 3 |
| 45:48 | LemonShip · tribute_sent a jugador 4 |
| 45:48 | LemonShip · tribute_sent a jugador 5 |
| 45:48 | LemonShip · tribute_sent a jugador 6 |
| 45:48 | LemonShip · tribute_sent a jugador 7 |
| 46:13 | LemonShip · tribute_sent a jugador 1 |
| 46:13 | LemonShip · tribute_sent a jugador 2 |
| 46:13 | LemonShip · tribute_sent a jugador 3 |
| 46:13 | LemonShip · tribute_sent a jugador 4 |
| 46:13 | LemonShip · tribute_sent a jugador 5 |
| 46:13 | LemonShip · tribute_sent a jugador 6 |
| 46:13 | LemonShip · tribute_sent a jugador 7 |
| 46:36 | 铁马金戈 No.1 · tribute_sent a jugador 2 |
| 46:36 | 铁马金戈 No.1 · tribute_sent a jugador 3 |
| 46:36 | 铁马金戈 No.1 · tribute_sent a jugador 4 |
| 46:36 | 铁马金戈 No.1 · tribute_sent a jugador 5 |
| 46:36 | 铁马金戈 No.1 · tribute_sent a jugador 6 |
| 46:36 | 铁马金戈 No.1 · tribute_sent a jugador 7 |
| 46:36 | 铁马金戈 No.1 · tribute_sent a jugador 8 |
| 46:44 | Moneimon · first_building Barracks |
| 47:17 | Moneimon · first_building Archery Range |
| 47:24 | 铁马金戈 No.1 · tribute_sent a jugador 2 |
| 47:24 | 铁马金戈 No.1 · tribute_sent a jugador 3 |
| 47:24 | 铁马金戈 No.1 · tribute_sent a jugador 4 |
| 47:24 | 铁马金戈 No.1 · tribute_sent a jugador 5 |
| 47:24 | 铁马金戈 No.1 · tribute_sent a jugador 6 |
| 47:24 | 铁马金戈 No.1 · tribute_sent a jugador 7 |
| 47:24 | 铁马金戈 No.1 · tribute_sent a jugador 8 |
| 47:36 | Moneimon · first_market_sell 500 food |
| 48:43 | LemonShip · tribute_sent a jugador 1 |
| 48:43 | LemonShip · tribute_sent a jugador 2 |
| 48:43 | LemonShip · tribute_sent a jugador 3 |
| 48:43 | LemonShip · tribute_sent a jugador 4 |
| 48:43 | LemonShip · tribute_sent a jugador 5 |
| 48:43 | LemonShip · tribute_sent a jugador 6 |
| 48:43 | LemonShip · tribute_sent a jugador 7 |
| 48:59 | LemonShip · tribute_sent a jugador 1 |
| 48:59 | LemonShip · tribute_sent a jugador 2 |
| 48:59 | LemonShip · tribute_sent a jugador 3 |
| 48:59 | LemonShip · tribute_sent a jugador 4 |
| 48:59 | LemonShip · tribute_sent a jugador 5 |
| 48:59 | LemonShip · tribute_sent a jugador 6 |
| 48:59 | LemonShip · tribute_sent a jugador 7 |
| 49:19 | LemonShip · wall_segment Stone Wall x12 |
| 53:06 | DemonSheep · first_market_sell 500 food |
| 53:12 | Moneimon · age_up imperial |
| 53:18 | B站帝国时代2骑士老爷 · first_market_buy 100 stone |
| 53:25 | B站帝国时代2骑士老爷 · wall_segment Stone Wall x14 |
| 54:01 | B站帝国时代2骑士老爷 · wall_segment Stone Wall x1 |
| 54:02 | 铁马金戈 No.1 · tribute_sent a jugador 2 |
| 54:02 | 铁马金戈 No.1 · tribute_sent a jugador 3 |
| 54:02 | 铁马金戈 No.1 · tribute_sent a jugador 4 |
| 54:02 | 铁马金戈 No.1 · tribute_sent a jugador 5 |
| 54:02 | 铁马金戈 No.1 · tribute_sent a jugador 6 |
| 54:02 | 铁马金戈 No.1 · tribute_sent a jugador 7 |
| 54:02 | 铁马金戈 No.1 · tribute_sent a jugador 8 |
| 54:05 | Vermilionz · tribute_sent a jugador 1 |
| 54:05 | Vermilionz · tribute_sent a jugador 2 |
| 54:05 | Vermilionz · tribute_sent a jugador 3 |
| 54:05 | Vermilionz · tribute_sent a jugador 4 |
| 54:05 | Vermilionz · tribute_sent a jugador 5 |
| 54:05 | Vermilionz · tribute_sent a jugador 6 |
| 54:05 | Vermilionz · tribute_sent a jugador 8 |
| 54:06 | B站帝国时代2骑士老爷 · wall_segment Stone Wall x1 |
| 54:30 | B站帝国时代2骑士老爷 · wall_segment Stone Wall x4 |
| 54:32 | B站帝国时代2骑士老爷 · wall_segment Stone Wall x9 |
| 55:06 | B站帝国时代2骑士老爷 · wall_segment Stone Wall x4 |
| 55:13 | B站帝国时代2骑士老爷 · wall_segment Stone Wall x6 |
| 55:15 | GKT_Cloud · tribute_sent a jugador 1 |
| 55:15 | GKT_Cloud · tribute_sent a jugador 2 |
| 55:15 | GKT_Cloud · tribute_sent a jugador 3 |
| 55:15 | GKT_Cloud · tribute_sent a jugador 5 |
| 55:15 | GKT_Cloud · tribute_sent a jugador 6 |
| 55:15 | GKT_Cloud · tribute_sent a jugador 7 |
| 55:15 | GKT_Cloud · tribute_sent a jugador 8 |
| 55:43 | GKT_Cloud · tribute_sent a jugador 1 |
| 55:43 | GKT_Cloud · tribute_sent a jugador 2 |
| 55:43 | GKT_Cloud · tribute_sent a jugador 3 |
| 55:43 | GKT_Cloud · tribute_sent a jugador 5 |
| 55:43 | GKT_Cloud · tribute_sent a jugador 6 |
| 55:43 | GKT_Cloud · tribute_sent a jugador 7 |
| 55:43 | GKT_Cloud · tribute_sent a jugador 8 |
| 56:25 | 铁马金戈 No.1 · tribute_sent a jugador 2 |
| 56:25 | 铁马金戈 No.1 · tribute_sent a jugador 3 |
| 56:25 | 铁马金戈 No.1 · tribute_sent a jugador 4 |
| 56:25 | 铁马金戈 No.1 · tribute_sent a jugador 5 |
| 56:25 | 铁马金戈 No.1 · tribute_sent a jugador 6 |
| 56:25 | 铁马金戈 No.1 · tribute_sent a jugador 7 |
| 56:25 | 铁马金戈 No.1 · tribute_sent a jugador 8 |
| 57:03 | DemonSheep · age_up imperial |
| 57:49 | LemonShip · first_market_sell 500 wood |
| 59:06 | GKT_Cloud · tribute_sent a jugador 1 |
| 59:06 | GKT_Cloud · tribute_sent a jugador 2 |
| 59:06 | GKT_Cloud · tribute_sent a jugador 3 |
| 59:06 | GKT_Cloud · tribute_sent a jugador 5 |
| 59:06 | GKT_Cloud · tribute_sent a jugador 6 |
| 59:06 | GKT_Cloud · tribute_sent a jugador 7 |
| 59:06 | GKT_Cloud · tribute_sent a jugador 8 |
| 59:23 | GKT_Cloud · tribute_sent a jugador 1 |
| 59:23 | GKT_Cloud · tribute_sent a jugador 2 |
| 59:23 | GKT_Cloud · tribute_sent a jugador 3 |
| 59:23 | GKT_Cloud · tribute_sent a jugador 5 |
| 59:23 | GKT_Cloud · tribute_sent a jugador 6 |
| 59:23 | GKT_Cloud · tribute_sent a jugador 7 |
| 59:23 | GKT_Cloud · tribute_sent a jugador 8 |
| 59:55 | GKT_Cloud · tribute_sent a jugador 1 |
| 59:55 | GKT_Cloud · tribute_sent a jugador 2 |
| 59:55 | GKT_Cloud · tribute_sent a jugador 3 |
| 59:55 | GKT_Cloud · tribute_sent a jugador 5 |
| 59:55 | GKT_Cloud · tribute_sent a jugador 6 |
| 59:55 | GKT_Cloud · tribute_sent a jugador 7 |
| 59:55 | GKT_Cloud · tribute_sent a jugador 8 |
| 59:59 | B站帝国时代2骑士老爷 · wall_segment Stone Wall x1 |
| 60:02 | B站帝国时代2骑士老爷 · wall_segment Stone Wall x1 |
| 60:02 | B站帝国时代2骑士老爷 · wall_segment Stone Wall x1 |
| 60:21 | GKT_Cloud · tribute_sent a jugador 1 |
| 60:21 | GKT_Cloud · tribute_sent a jugador 2 |
| 60:21 | GKT_Cloud · tribute_sent a jugador 3 |
| 60:21 | GKT_Cloud · tribute_sent a jugador 5 |
| 60:21 | GKT_Cloud · tribute_sent a jugador 6 |
| 60:21 | GKT_Cloud · tribute_sent a jugador 7 |
| 60:21 | GKT_Cloud · tribute_sent a jugador 8 |
| 60:27 | LemonShip · tribute_sent a jugador 1 |
| 60:27 | LemonShip · tribute_sent a jugador 2 |
| 60:27 | LemonShip · tribute_sent a jugador 3 |
| 60:27 | LemonShip · tribute_sent a jugador 4 |
| 60:27 | LemonShip · tribute_sent a jugador 5 |
| 60:27 | LemonShip · tribute_sent a jugador 6 |
| 60:27 | LemonShip · tribute_sent a jugador 7 |
| 61:02 | B站帝国时代2骑士老爷 · wall_segment Stone Wall x17 |
| 61:53 | B站帝国时代2骑士老爷 · wall_segment Palisade Wall x1 |
| 62:03 | LemonShip · first_building Archery Range |
| 62:22 | B站帝国时代2骑士老爷 · resign |
[ AI ANALYSIS · 1 CREDIT ]
What really happened in this match?
Wolo.gg analyzes every decision: build order, eco, micro, common mistakes by bracket. Personalized analysis on WhatsApp or Discord in 30 seconds.
Civ guide
Turks
Perfil
Jugador #24073031